 Dungeon Crawl Stone Soup version 0.28-a0-1506-g3893175d92 (webtiles) character file.

Game seed: 3185692506507135002

11621 HallandMoats the Oracle (level 11, -16/104 HPs)
             Began as a Ghoul Fighter on Jan 14, 2022.
             Was an Elder of Ashenzari.
             Demolished by a two-headed ogre (21 damage)
             ... on level 11 of the Dungeon.
             The game lasted 00:18:27 (15314 turns).

HallandMoats the Oracle (Ghoul Fighter)            Turns: 15314, Time: 00:18:29

Health: -16/104    AC: 15    Str: 27    XL:     11   Next: 80%
Magic:  0/9        EV: 15    Int:  8    God:    Ashenzari [****..]
Gold:   464        SH:  6    Dex: 12    Spells: 11/11 levels left

rFire   . . .      SeeInvis +   b - +6 mace "Goprier" {antimagic, Fragile rElec Str+4 Int+3}
rCold   + . .      Faith    .   c - +0 buckler "Regret of Ashenzari" {Cun, Self} (curse)
rNeg    + + +      Spirit   +   m - +2 ring mail of Ashenzari's Dismay {MP+9 Dex+4, Range, Self} (curse)
rPois   ∞          Reflect  .   (no helmet)
rElec   +          Harm     .   x - +2 cloak of Ashenzari's Activism {Cun, Range} (curse)
rCorr   .          Rampage  .   p - +0 pair of gloves of the Restrained Shame {Cun, Melee} (curse)
Will    +....      Clarity  +   f - +0 pair of boots of Apeoromancy {Elem, Bglg} (curse)
Stlth   +.........              F - amulet of the Unveiling Stars {Spirit, Cun, Fort} (curse)
HPRegen 0.00/turn               q - ring "Chained Omission" {Will+, Evo, Self} (curse)
MPRegen 0.11/turn               (no ring)

@: inhibited regen
A: claws 1, cold resistance 1, negative energy resistance 3, inhibited
regeneration, torment resistance 2
a: Renounce Religion, Curse Item, Shatter the Chains


You were on level 11 of the Dungeon.
You worshipped Ashenzari.
Ashenzari was greatly pleased with you.
You visited 1 branch of the dungeon, and saw 11 of its levels.
You also visited: Sewer and Ossuary.

You collected 925 gold pieces.
You spent 461 gold pieces at shops.

Inventory:

Hand Weapons
 a - a +5 scimitar
 b - the +6 mace "Goprier" (weapon) {antimagic, Fragile rElec Str+4 Int+3}
   (You found it on level 4 of the Dungeon)

   It reduces the magical energy of the wielder, and disrupts the spells and
   magical abilities of those it strikes.
   Natural abilities and divine invocations are not affected.
   Str:       It affects your strength (+4).
   Int:       It affects your intelligence (+3).
   rElec:     It insulates you from electricity.
   Fragile:   It will be destroyed if unequipped.
 t - the +4 mace "Demonslayer" {flame, MP+9 Int+4 Dex+6 Stlth+}
   (You found it on level 6 of the Dungeon)

   It burns those it strikes, dealing additional fire damage.
   Int:       It affects your intelligence (+4).
   Dex:       It affects your dexterity (+6).
   MP:        It affects your magic capacity (+9).
   Stlth:     It makes you more stealthy.
 w - a +2 mace of venom
Missiles
 C - a throwing net (quivered)
Armour
 c - the cursed +0 buckler "Regret of Ashenzari" (worn) {Cun, Self}

   It has a curse which improves the following skills: Cunning: Dodging and
   Stealth.
   Introspection: Fighting and Spellcasting.
 f - the cursed +0 pair of boots of Apeoromancy (worn) {Elem, Bglg}
   (You found it on level 1 of the Dungeon)

   It has a curse which improves the following skills: Elements: Fire Magic, Ice
   Magic, Air Magic and Earth Magic.
   Beguiling: Conjurations, Hexes and Translocations.
 m - the cursed +2 ring mail of Ashenzari's Dismay (worn) {MP+9 Dex+4, Range, Self}
   (You found it on level 3 of the Dungeon)

   Dex:       It affects your dexterity (+4).
   MP:        It affects your magic capacity (+9).
   It has a curse which improves the following skills: Ranged Combat: Slings,
   Bows, Crossbows and Throwing.
   Introspection: Fighting and Spellcasting.
 p - the cursed +0 pair of gloves of the Restrained Shame (worn) {Cun, Melee}
   (You found it on level 4 of the Dungeon)

   It has a curse which improves the following skills: Cunning: Dodging and
   Stealth.
   Melee Combat: Short Blades, Long Blades, Axes, Maces & Flails, Polearms,
   Staves and Unarmed Combat.
 x - the cursed +2 cloak of Ashenzari's Activism (worn) {Cun, Range}
   (You took it off Crazy Yiuf on level 4 of the Dungeon)

   It has a curse which improves the following skills: Cunning: Dodging and
   Stealth.
   Ranged Combat: Slings, Bows, Crossbows and Throwing.
Jewellery
 q - the cursed ring "Chained Omission" (left hand) {Will+, Evo, Self}
   (You found it on level 6 of the Dungeon)

   [ring of willpower]

   Will:      It increases your willpower.
   It has a curse which improves the following skills: Evocations: Evocations.
   Introspection: Fighting and Spellcasting.
 E - a ring of wizardry
 F - the cursed amulet of the Unveiling Stars (around neck) {Spirit, Cun, Fort}
   (You bought it in a shop on level 9 of the Dungeon)

   [amulet of guardian spirit]

   It causes incoming damage to be divided between your reserves of health and
   magic.
   It has a curse which improves the following skills: Cunning: Dodging and
   Stealth.
   Fortitude: Armour and Shields.
 G - a ring of fire
 H - an amulet of regeneration
Wands
 j - a wand of iceblast (5)
 o - a wand of polymorph (2)
 z - a wand of flame (9)
 B - a wand of digging (3)
Scrolls
 e - 4 scrolls of teleportation
 g - 14 scrolls of identify
 h - 2 scrolls of enchant weapon
 k - 2 scrolls of immolation
 l - a scroll of amnesia
 n - 4 scrolls of magic mapping
 u - 2 scrolls of summoning
 y - a scroll of fog
 A - a scroll of enchant armour
 D - a scroll of fear
Potions
 d - a potion of might
 i - 3 potions of brilliance
 r - a potion of magic
 v - 7 potions of curing
 I - a potion of flight


   Skills:
 + Level 8.3(12.2) Fighting
 + Level 6.8(8.8) Long Blades
 + Level 7.1(9.1) Armour
 + Level 6.3(11.0) Dodging
 - Level 6.3(8.3) Shields
 * Level 11.0 Invocations


You had 11 spell levels left.
You didn't know any spells.
Your spell library contained the following spells:

 Spells                   Type           Power      Damage    Failure   Level
 Animate Dead             Necr           0%         N/A       100%        4
 Summon Ice Beast         Ice/Summ       0%         N/A       100%        4
 Borgnjor's Vile Clutch   Necr/Erth      0%         N/A       100%        5
 Summon Mana Viper        Hex/Summ       0%         N/A       100%        5
 Death Channel            Necr           0%         N/A       100%        6
 Monstrous Menagerie      Summ           0%         N/A       100%        7


Dungeon Overview and Level Annotations

Branches:
Dungeon (11/15)            Temple (0/1) D:4            Lair (0/6) D:9
  Sewer (visited)         Ossuary (visited)
    Orc: D:9-12

Altars:
Ashenzari
Elyvilon
Fedhas
Kikubaaqudgha
Makhleb
Trog
Xom

Shops:
D:4 ?   D:5 *   D:8 *   D:9 =((   D:11 !

Annotations:
D:3 1 runed translucent door, wanderlust's ghost, amateur DEAM


Innate Abilities, Weirdness & Mutations

You thrive by killing the living.
You are immune to poison.
You have sharp fingernails.
Your flesh is cold resistant. (rC+)
You are immune to negative energy. (rN+++)
You do not regenerate when monsters are visible.
You are immune to unholy pain and torment.


Message History

You are too injured to fight recklessly!
You are too injured to fight recklessly!
You are too injured to fight recklessly!
You are too injured to fight recklessly!
You are too injured to fight recklessly!
You are too injured to fight recklessly!
You are too injured to fight recklessly!
You are too injured to fight recklessly!
You are too injured to fight recklessly!
You are too injured to fight recklessly!
You are too injured to fight recklessly!
You are too injured to fight recklessly!
You barely miss the two-headed ogre.
The two-headed ogre is moderately wounded.
You block the two-headed ogre's attack. x2
You thump the two-headed ogre!
The two-headed ogre is heavily wounded.
The two-headed ogre hits you but does no damage.
The two-headed ogre misses you.
You hit the two-headed ogre but do no damage.
The two-headed ogre is heavily wounded.
The two-headed ogre closely misses you.
The two-headed ogre hits you with a +0 giant spiked club.
You sock the two-headed ogre!
The two-headed ogre is severely wounded.
The two-headed ogre misses you.
The two-headed ogre hits you with a +0 giant spiked club.
You sock the two-headed ogre!
The two-headed ogre is almost dead.
The two-headed ogre closely misses you.
The two-headed ogre hits you with a +0 giant spiked club!
* * * LOW HITPOINT WARNING * * *
You barely miss the two-headed ogre.
The two-headed ogre is almost dead.
The two-headed ogre hits you with a +0 giant club!
* * * LOW HITPOINT WARNING * * *
The two-headed ogre completely misses you.
The two-headed ogre barely misses you.
The two-headed ogre hits you with a +0 giant spiked club!!
You die...

..).#####.......#######.......#
* ....###.'.......# #.......#
....'...#...[...# ###.#####
....######+###### #.# #########
* #.# ###### , #.# .....# *
###########.### <....#
#.##############.####### .....#
* #..>..O@................
.....+ ,
...#############.####### .....#
** ###########.### .....# ##.##
.....# * * ##.## ###### *,
##.## *, ##.## * * ##.## * ,
##.##


You could see a two-headed ogre.

Vanquished Creatures
  Harold (D:7)
  2 two-headed ogres
  A tengu warrior (D:11)
  Pikel (D:6)
  A kobold demonologist (D:10)
  A komodo dragon (D:10)
  A tengu conjurer (D:11)
  An unseen horror (D:11)
  14 yaks
  2 basilisks (D:9)
  A wraith (D:10)
  2 wyverns (D:9)
  Edmund (D:6)
  3 water moccasins
  An acid dragon (D:7)
  Pargi (Sewer)
  A necrophage (D:6)
  4 orc warriors
  8 centaurs
  A lemure (D:6)
  2 elf zombies (Ossuary)
  4 bullfrogs
  2 kobold brigands
  2 gnoll sergeants
  2 scorpions
  2 wyvern zombies
  A water moccasin skeleton (D:7)
  8 wights
  A howler monkey (D:5)
  8 centaur zombies
  2 jellies (D:6)
  9 orc priests
  5 hounds
  Crazy Yiuf (D:4)
  An iguana (D:5)
  11 orc wizards
  A scorpion zombie (D:5)
  A killer bee zombie (D:6)
  3 hound zombies (Ossuary)
  3 mummies (Ossuary)
  A howler monkey zombie (D:9)
  7 gnolls
  10 adders
  2 white imps
  3 adder zombies (Ossuary)
  A worm (D:4)
  2 dart slugs (D:3)
  30 orcs
  6 bats
  7 endoplasms
  3 giant cockroaches
  2 gnoll zombies (Ossuary)
  3 goblins (D:1)
  5 hobgoblins
  17 kobolds
  7 ball pythons
  3 frilled lizards
  4 goblin zombies
  A hobgoblin zombie (Ossuary)
  2 jackal zombies (Ossuary)
  A kobold zombie (Ossuary)
  9 quokka zombies
  2 rats
  5 rat zombies (Ossuary)
250 creatures vanquished.

Vanquished Creatures (others)
  An orc wizard (D:9)
  2 fungi
  9 plants (D:9)
12 creatures vanquished.

Grand Total: 262 creatures vanquished

Notes
Turn   | Place    | Note
-------+----------+-------------------------------------------
     0 | D:1      | HallandMoats the Ghoul Fighter began the quest for the Orb.
     0 | D:1      | Reached XP level 1. HP: 19/19 MP: 0/0
   208 | D:1      | Found a faded altar of an unknown god.
   233 | D:1      | Reached XP level 2. HP: 20/26 MP: 1/1
   241 | D:1      | Prayed at the altar of an unknown god.
   241 | D:1      | Became a worshipper of Ashenzari the Shackled
   403 | D:1      | Reached skill level 1 in Invocations
   643 | D:2      | Found a blossoming altar of Fedhas.
   720 | D:2      | Reached XP level 3. HP: 14/31 MP: 2/2
  1094 | D:2      | Reached XP level 4. HP: 38/38 MP: 4/4
  1425 | D:3      | Identified the +2 ring mail "Xelladaz" {MP+9 Dex+4}
  1608 | D:3      | Found a broken altar of Ashenzari.
  2043 | D:3      | Reached skill level 1 in Dodging
  2043 | D:3      | Reached skill level 2 in Invocations
  2043 | D:3      | Reached XP level 5. HP: 19/45 MP: 5/5
  2324 | D:3      | Found a runed translucent door.
  2325 | D:3      | Noticed wanderlust's ghost (amateur DEAM)
  2973 | D:4      | Reached * piety under Ashenzari
  3049 | D:4      | Found a staircase to the Ecumenical Temple.
  3072 | D:4      | Found a glowing drain.
  3072 | D:4      | Identified the +0 leather armour of the Forest {rElec Will-
                  | Regen+ Dex-3}
  3091 | Sewer    | Entered a sewer
  3145 | Sewer    | Noticed Pargi
  3165 | Sewer    | Killed Pargi
  3166 | Sewer    | Reached XP level 6. HP: 30/53 MP: 7/7
  3470 | D:4      | Reached ** piety under Ashenzari
  3568 | D:4      | Reached skill level 3 in Invocations
  3603 | D:4      | Identified the +6 mace "Goprier" {antimagic, Fragile rElec
                  | Str+4 Int+3}
  3622 | D:4      | Found a runed translucent door.
  3623 | D:4      | Noticed Crazy Yiuf
  3629 | D:4      | Killed Crazy Yiuf
  3892 | D:4      | Found Beitroet's Magic Scroll Shop.
  3899 | D:4      | Bought a scroll of magic mapping for 38 gold pieces
  3899 | D:4      | Bought a scroll of teleportation for 33 gold pieces
  3913 | D:5      | Entered Level 5 of the Dungeon
  3960 | D:5      | Found a sand-covered staircase.
  4093 | Ossuary  | Entered an ossuary
  4247 | Ossuary  | Reached XP level 7. HP: 61/61 MP: 5/8
  4525 | Ossuary  | Reached skill level 4 in Invocations
  4672 | D:5      | Found Wegim's General Store.
  4752 | D:5      | Found an ancient bone altar of Kikubaaqudgha.
  4813 | D:5      | Reached XP level 8. HP: 57/70 MP: 6/10
  4828 | D:5      | Reached skill level 5 in Shields
  5714 | D:6      | Reached skill level 5 in Invocations
  5788 | D:6      | Identified the +4 mace "Demonslayer" {flame, MP+9 Int+4
                  | Dex+6 Stlth+}
  5900 | D:6      | Noticed Edmund
  5907 | D:6      | Reached skill level 5 in Fighting
  5923 | D:6      | Killed Edmund
  5935 | D:6      | HP: 2/71 [centaur warrior zombie (9)]
  5940 | D:6      | Reached skill level 6 in Invocations
  5940 | D:6      | Reached XP level 9. HP: 2/78 MP: 7/12
  6326 | D:6      | Found a burning altar of Makhleb.
  6468 | D:6      | Noticed Pikel
  6488 | D:6      | Killed Pikel
  6665 | D:6      | Reached *** piety under Ashenzari
  7136 | D:7      | Reached skill level 5 in Armour
  7136 | D:7      | Reached skill level 7 in Invocations
  7226 | D:7      | Noticed Harold
  7226 | D:7      | Paralysed by Harold for 3 turns
  7235 | D:7      | Paralysed by Harold for 5 turns
  7245 | D:7      | Killed Harold
  7246 | D:7      | Reached XP level 10. HP: 27/90 MP: 0/14
  7843 | D:7      | Reached skill level 5 in Long Blades
  7902 | D:7      | Reached **** piety under Ashenzari
  7957 | D:8      | Found Myck's Assorted Antiques.
  7997 | D:8      | Reached skill level 8 in Invocations
  9217 | D:8      | Noticed a two-headed ogre
  9225 | D:8      | Killed a two-headed ogre
  9377 | D:8      | Reached skill level 5 in Dodging
  9921 | D:9      | Reached skill level 9 in Invocations
 10203 | D:9      | Found a staircase to the Lair.
 10589 | D:9      | Found Woamec's Jewellery Boutique.
 10596 | D:9      | Bought an amulet of guardian spirit for 390 gold pieces
 10645 | D:9      | Found Geifeph's Antique Weapon Emporium.
 10667 | D:9      | Found a shimmering altar of Xom.
 10667 | D:9      | Found a shimmering altar of Xom.
 10668 | D:9      | Found a shimmering altar of Xom.
 10668 | D:9      | Found a shimmering altar of Xom.
 10668 | D:9      | Found a shimmering altar of Xom.
 10668 | D:9      | Found a shimmering altar of Xom.
 10741 | D:9      | Found Domiv's Weapon Boutique.
 10816 | D:9      | Reached XP level 11. HP: 102/102 MP: 8/17
 10937 | D:9      | Found a bloodstained altar of Trog.
 11136 | D:10     | Entered Level 10 of the Dungeon
 11151 | D:10     | Noticed a sixfirhy
 12052 | D:9      | Reached skill level 10 in Invocations
 13322 | D:10     | Identified the +1 leather armour "Ebaallant" {Str+4 Int+4}
 13958 | D:11     | Found Poxy's Distillery.
 13980 | D:11     | Noticed a two-headed ogre
 14544 | D:11     | Noticed a tengu warrior
 14573 | D:11     | Killed a tengu warrior
 14699 | D:11     | Killed a two-headed ogre
 15177 | D:11     | Reached skill level 11 in Invocations
 15303 | D:11     | Noticed a two-headed ogre
 15314 | D:11     | HP: 5/104 [two-headed ogre (15)]
 15314 | D:11     | Demolished by a two-headed ogre

Illustrated notes

Levels and vault maps discovered:
D:1:      scummos_arrival_simple_fountains, layout_rooms,
          ebering_ecumenical_altar_abandoned, chequers_serial_rivers_micro_b
D:2:      layout_rooms, basic_altar, ebering_dispersal_statue_hall
D:3:      layout_basic, jmf_multi_god_temple, ebering_ghost_reflecting_pool,
          chequers_serial_rivers_small_b
D:4:      layout_basic, minmay_temple_entry_wispy,
          cheibrodos_sewer_entry_sluice, dk_vineyard_3, nicolae_stop_n_shop_2,
          uniq_crazy_yiuf_cottage
D:5:      layout_basic, nicolae_kikubaaqudgha_miasma_corner, serial_shops,
          nicolae_shop_statue_plus, enter_ossuary_4, skrybe_limestone_x,
          sigmund_army
D:6:      layout_loops_ring, makhleb_heckhound_becter, uniq_edmund, uniq_pikel
D:7:      layout_gridville, uniq_harold
D:8:      layout_gridville, nicolae_stop_n_shop_2
D:9:      layout_roguey, xom_redecorated, kennysheep_little_box,
          minmay_lair_entry_grove, serial_shops, shop,
          nicolae_shop_bloodbath_and_beyond, shop
D:10:     layout_rooms, minivault_19, minmay_variable_closet, centaur_isle
D:11:     layout_roguey, serial_shops, shop

Skill      XL: |  1  2  3  4  5  6  7  8  9 10 11 |
---------------+----------------------------------+-----
Invocations    | 1 2 3 4 6 7 9 11 | 11.0
Long Blades    | 2 3 4 5 6 |  6.8
Shields        | 3 4 6 |  6.3
Armour         | 3 4 5 6 7 |  7.1
Dodging        | 1 2 3 4 5 6 |  6.3
Fighting       | 4 5 6 7 8 |  8.3

Action                   |  1- 3 |  4- 6 |  7- 9 | 10-12 || total
-------------------------+-------+-------+-------+-------++-------
Melee: Long sword        |    76 |   155 |       |       ||   231
       Mace              |       |    62 |   341 |   520 ||   923
Invok: Curse Item        |     1 |     2 |     2 |     2 ||     7
  Use: Potion            |       |       |     2 |     5 ||     7
       Scroll            |       |       |       |     4 ||     4
Armor: Scale mail        |    31 |    10 |       |       ||    41
       Ring mail         |       |   117 |   227 |   323 ||   667
Dodge: Dodged            |    39 |   156 |   240 |   533 ||   968
Block: Buckler           |    14 |    76 |   122 |   244 ||   456

Table legend: (Time is in decaauts)
 A = Elapsed time spent in this place.
 B = Non-inter-level travel time spent in this place.
 C = Inter-level travel time spent in this place.
 D = Time resting spent in this place.
 E = Time spent auto-exploring this place.
 F = Levels seen in this place.
 G = Mean time per level.
                   A        B        C        D        E       F      G
               +--------+--------+--------+--------+--------+-----+--------+
         Total |  15797 |  15500 |    297 |   3039 |   9611 |  13 | 1215.2 |
       Dungeon |  14905 |  14608 |    297 |   2945 |   9128 |  11 | 1355.0 |
         Sewer |    320 |    320 |      0 |      0 |    239 |   1 |  320.0 |
       Ossuary |    571 |    571 |      0 |     94 |    244 |   1 |  571.0 |
               +--------+--------+--------+--------+--------+-----+--------+

Top non-repeatable levels by time:
     D:9: 2746 daAuts
    D:11: 1658 daAuts
     D:8: 1602 daAuts
    D:10: 1570 daAuts
     D:6: 1274 daAuts
     D:5: 1229 daAuts
     D:3: 1172 daAuts
     D:7: 1143 daAuts
     D:2: 1035 daAuts
     D:4: 820 daAuts
     D:1: 650 daAuts
 Ossuary: 571 daAuts
   Sewer: 320 daAuts
